 Dungeon Crawl Stone Soup version 0.30-a0-830-gfe289a77b0 (webtiles) character file.

Game seed: 17853287182860278766

3392 cforsyth the Covert (level 10, -11/64 HPs)
             Began as a Kobold Brigand on Mar 1, 2023.
             Was a High Priest of Uskayaw.
             Mangled by a two-headed ogre
             ... wielding a +0 giant club
              (22 damage)
             ... on level 9 of the Dungeon.
             The game lasted 00:09:33 (9619 turns).

cforsyth the Covert (Kobold Brigand)                Turns: 9619, Time: 00:09:34

Health: -11/64     AC:  9    Str:  9    XL:     10   Next: 24%
Magic:  10/10      EV: 18    Int: 12    God:    Uskayaw [*****.]
Gold:   556        SH:  0    Dex: 25    Spells: 9/9 levels left

rFire   . . .      SeeInvis .    H - +2 dagger (venom)
rCold   . . .      Faith    .    (no shield)
rNeg    . . .      Spirit   .    I - +1 ring mail "Varph" {Dex+4 Slay+6}
rPois   .          Reflect  .    (no helmet)
rElec   .          Harm     .    w - +2 cloak
rCorr   .          Rampage  .    (no gloves)
Will    .....                    (no boots)
Stlth   ++++++                   (no amulet)
HPRegen 0.30/turn                (no ring)
MPRegen 0.12/turn                (no ring)

@: no status effects
A: small, no large weapons, nightstalker 3
a: Renounce Religion, Stomp, Line Pass, Grand Finale


You were on level 9 of the Dungeon.
You worshipped Uskayaw.
Uskayaw was noncommittal.
You visited 2 branches of the dungeon, and saw 10 of its levels.

You collected 556 gold pieces.

Inventory:

Hand Weapons
 a - a +3 dagger
 H - a +2 dagger of venom (weapon)
Missiles
 d - 33 poisoned darts (quivered)
 e - 4 curare-tipped darts
Armour
 b - a +0 robe
 c - a +1 cloak
 w - a +2 cloak (worn)
 I - the +1 ring mail "Varph" (worn) {Dex+4 Slay+6}
   (You found it on level 2 of the Dungeon)

   Dex:       It affects your dexterity (+4).
   Slay:      It affects your accuracy & damage with ranged weapons and melee
   (+6).
Jewellery
 i - a ring of protection from fire
 k - a ring of wizardry
 m - a ring of flight
 n - a +6 ring of intelligence
 q - a ring of fire
 s - an amulet of the acrobat
 u - an amulet of guardian spirit
 v - a ring of fire
 z - an amulet of magic regeneration
 N - a ring of poison resistance
Wands
 p - a wand of mindburst (18)
 y - a wand of iceblast (20)
 C - a wand of paralysis (13)
Scrolls
 f - 3 scrolls of amnesia
 h - 2 scrolls of fear
 j - a scroll of summoning
 l - 4 scrolls of enchant armour
 A - a scroll of identify
 D - 4 scrolls of teleportation
 G - 3 scrolls of enchant weapon
 K - a scroll of vulnerability {unknown}
 M - a scroll of magic mapping {unknown}
Potions
 g - a potion of attraction
 o - 4 potions of curing
 r - 2 potions of berserk rage
 t - a potion of resistance
 x - 3 potions of cancellation
 B - a potion of lignification {unknown}
 E - 2 potions of brilliance {unknown}
 F - a potion of might {unknown}
 J - a potion of haste
 L - 3 potions of heal wounds {unknown}


   Skills:
 + Level 7.9 Fighting
 + Level 9.5 Short Blades
 - Level 2.1 Throwing
 + Level 8.4 Dodging
 + Level 11.2 Stealth


You had 9 spell levels left.
You didn't know any spells.
Your spell library contained the following spells:

 Spells                   Type           Power      Damage    Failure   Level
 Beastly Appendage        Tmut           0%         N/A       67%         1
 Freeze                   Ice            0%         1d3       67%         1
 Blink                    Tloc           0%         N/A       80%         2
 Lesser Beckoning         Tloc           0%         N/A       80%         2
 Momentum Strike          Conj/Tloc      0%         3d8       80%         2
 Scorch                   Fire           0%         2d5       80%         2
 Wereblood                Tmut           0%         N/A       80%         2
 Frozen Ramparts          Ice            0%         1d1       95%         3
 Hailstorm                Conj/Ice       0%         3d3       95%         3
 Inner Flame              Hex/Fire       0%         N/A       95%         3
 Spider Form              Tmut/Pois      0%         N/A       95%         3
 Flame Wave               Conj/Fire      0%         2d4       100%        4
 Sticky Flame             Conj/Fire      0%         2d3       100%        4
 Summon Cactus Giant      Summ           0%         N/A       100%        6


Dungeon Overview and Level Annotations

Branches:
Dungeon (9/15)             Temple (1/1) D:4
   Lair: D:8-11         Orc: D:9-12

Altars:
Ashenzari
Cheibriados
Dithmenos
Elyvilon
Fedhas
Gozag
Hepliaklqana
Kikubaaqudgha
Makhleb
Okawaru
Qazlal
Sif Muna
Trog
Uskayaw
Vehumet
Wu Jian
Yredelemnul
Zin
The Shining One

Shops:
D:2 =   D:3 *   D:4 (

Annotations:
D:6 exclusion: oklob plant


Innate Abilities, Weirdness & Mutations

You are small and have problems with some larger weapons.
You are completely attuned to the shadows.


Message History

The yak attacks as you move away! The yak barely misses you.
Found a scroll labelled COULEOCAAB and a scale mail.
You hit the yak.
The yak is poisoned.
The yak is lightly wounded.
The yak misses you.
You completely miss the yak.
The yak is lightly wounded.
You hit the yak.
The yak is moderately wounded.
The yak misses you.
You puncture the yak!
The yak looks as sick as possible!
The yak is heavily wounded.
You hit the yak.
The yak looks as sick as possible!
The yak is heavily wounded.
The yak misses you.
You hit the yak.
The yak looks as sick as possible!
The yak is severely wounded.
You puncture the gnoll!
You kill the gnoll!
You can now merge with and destroy a victim.
You puncture the yak!
You kill the yak!
You hit the two-headed ogre.
The two-headed ogre is poisoned.
The two-headed ogre is lightly wounded.
You puncture the two-headed ogre!
The two-headed ogre looks as sick as possible!
The two-headed ogre is moderately wounded.
The two-headed ogre closely misses you.
The two-headed ogre hits you with a +0 giant club!
* * * LOW HITPOINT WARNING * * *
You hit the two-headed ogre but do no damage.
The two-headed ogre is moderately wounded.
You puncture the two-headed ogre!
The two-headed ogre looks as sick as possible!
The two-headed ogre is heavily wounded.
You puncture the two-headed ogre!
The two-headed ogre looks as sick as possible!
The two-headed ogre is severely wounded.
The two-headed ogre hits you with a +0 giant club!!
You die...

.###......... ..
#............ .#.#
#O#..........
.#.#.##)).)........
.#.#.#.)###.###.....
#.#.#.#..?#.#
#.##### #.#.#TY###.#
#......
#.#O##....###......
#@#?#.#...........
#...###.. .####.....
..#.#. #<.... # #[
.# #..... ## ..
#..... .......
##..... ###... ####


You could see a two-headed ogre (extremely poisoned), a yak (very poisoned) and
a troll.

Vanquished Creatures
  2 hornets (D:8)
  Grinder (D:5)
  A yak (D:9)
  An ice beast (D:5)
  An orc warrior (D:8)
  3 black bears (D:6)
  2 ogres
  A centaur (D:8)
  A phantom (D:5)
  A kobold brigand (D:8)
  2 necrophages
  2 gnoll sergeants
  3 wights (D:7)
  A killer bee (D:9)
  4 howler monkeys
  3 hounds
  3 jellies
  Crazy Yiuf (D:3)
  4 gnoll boudas
  5 orc priests
  Natasha (thrice) (D:1)
  3 iguanas
  6 orc wizards
  2 howler monkey zombies (D:7)
  18 gnolls
  9 adders
  A shadow imp (D:6)
  3 white imps
  A dart slug (D:2)
  42 orcs
  4 ball pythons
  10 bats
  6 endoplasms
  4 giant cockroaches
  3 goblins (D:2)
  A hobgoblin (D:1)
  2 jackals (D:2)
  4 quokkas
  2 frilled lizards (D:2)
  16 kobolds
  3 rats
185 creatures vanquished.

Vanquished Creatures (collateral kills)
  A hound (D:4)
1 creature vanquished.

Grand Total: 186 creatures vanquished

Notes
Turn   | Place    | Note
-------+----------+-------------------------------------------
     0 | D:1      | cforsyth the Kobold Brigand began the quest for the Orb.
     0 | D:1      | Reached XP level 1. HP: 12/12 MP: 1/1
   261 | D:1      | Reached XP level 2. HP: 18/18 MP: 2/2
   714 | D:2      | Reached XP level 3. HP: 22/22 MP: 3/3
   812 | D:2      | Found Sihaukk's Jewellery Shoppe.
   916 | D:2      | Identified the +1 ring mail "Varph" {Dex+4 Slay+6}
   938 | D:2      | Noticed Natasha
   943 | D:2      | Reached skill level 6 in Stealth
   943 | D:2      | Reached XP level 4. HP: 14/27 MP: 4/4
  1440 | D:1      | Killed Natasha
  1441 | D:1      | Reached XP level 5. HP: 7/32 MP: 5/5
  1506 | D:1      | Noticed Natasha
  1521 | D:1      | Killed Natasha
  1656 | D:1      | Noticed Natasha
  1676 | D:1      | Killed Natasha
  2762 | D:3      | Found Xuth's General Store.
  2881 | D:3      | Reached XP level 6. HP: 37/37 MP: 6/6
  3018 | D:3      | Noticed an ogre
  3151 | D:3      | Killed an ogre
  3283 | D:3      | Identified the +5 hammer of Saipufa {spect, SInv}
  3288 | D:3      | Found a runed translucent door.
  3291 | D:3      | Noticed Crazy Yiuf
  3319 | D:3      | Killed Crazy Yiuf
  3395 | D:4      | Reached skill level 5 in Short Blades
  3395 | D:4      | Reached skill level 7 in Stealth
  3624 | D:4      | Reached XP level 7. HP: 43/43 MP: 7/7
  3677 | D:4      | Found Zellayrgh's Firing Range.
  3946 | D:4      | Identified the +7 whip of War {vamp, rC+ Str+3 Stlth+}
  4004 | D:4      | Found a staircase to the Ecumenical Temple.
  4159 | Temple   | Entered the Ecumenical Temple
  4526 | Temple   | Became a worshipper of Uskayaw the Reveller
  4591 | D:5      | Entered Level 5 of the Dungeon
  4701 | D:5      | Reached * piety under Uskayaw
  4767 | D:5      | Reached ** piety under Uskayaw
  4778 | D:5      | Reached *** piety under Uskayaw
  5337 | D:5      | Reached skill level 5 in Dodging
  5337 | D:5      | Reached XP level 8. HP: 48/48 MP: 8/8
  5356 | D:5      | Reached skill level 5 in Fighting
  5356 | D:5      | Reached skill level 8 in Stealth
  5787 | D:5      | Noticed Grinder
  5788 | D:5      | Paralysed by Grinder for 2 turns
  5791 | D:5      | Paralysed by Grinder for 2 turns
  5926 | D:5      | Killed Grinder
  6751 | D:6      | Reached skill level 9 in Stealth
  6815 | D:6      | Found a hazy altar of Hepliaklqana.
  6816 | D:6      | Found a shadowy altar of Dithmenos.
  6816 | D:6      | Noticed a shadow
  6818 | D:6      | Reached XP level 9. HP: 55/55 MP: 9/9
  6924 | D:6      | Reached **** piety under Uskayaw
  6930 | D:6      | Reached ***** piety under Uskayaw
  7189 | D:6      | Found a blossoming altar of Fedhas.
  7300 | D:6      | Found a broken altar of Ashenzari.
  7307 | D:6      | Found a glowing silver altar of Zin.
  7498 | D:6      | Noticed an oklob plant
  7788 | D:7      | Found a basalt altar of Yredelemnul.
  7959 | D:7      | Identified the +1 ring mail of Qazlal's Inspiration {Fly}
  8096 | D:7      | Reached skill level 10 in Stealth
  8431 | D:8      | Noticed a hornet
  8435 | D:8      | Killed a hornet
  8601 | D:8      | Noticed a hornet
  8608 | D:8      | Killed a hornet
  8859 | D:8      | Reached XP level 10. HP: 32/63 MP: 10/10
  9586 | D:9      | Reached skill level 11 in Stealth
  9589 | D:9      | Noticed a two-headed ogre
  9619 | D:9      | Mangled by a two-headed ogre

Illustrated notes

Levels and vault maps discovered:
D:1:      dpeg_arrival_erosion, layout_basic
D:2:      layout_basic, serial_shops, shop, uniq_natasha
D:3:      layout_loops_ring, serial_shops, nicolae_shop_hallway_stairs,
          nicolae_titane, uniq_crazy_yiuf_cottage
D:4:      layout_cave_pools, temple_pool_b, nicolae_shop_firing_range
D:5:      layout_rooms, corexii_shack, grunt_ministairs_2, minmay_statues_item,
          minivault_5, uniq_grinder
D:6:      layout_basic, tgw_fedhas, riverfiend_overflow_shadow_ancestor,
          grunt_temple_overflow_open, minmay_circle_x
D:7:      layout_basic, lemuel_zombie_altar_yredelemnul, water_boxes_lemuel
D:8:      layout_gridville, minmay_crystal_water
D:9:      layout_basic, lemuel_tele_altar, dpeg_lair_monsters, serial_shops,
          nicolae_shop_crystal, gammafunk_ghost_hive, minivault_27,
          minmay_starry_boxes
Temple:   oiseaux_autumnal_temple

Skill      XL: |  1  2  3  4  5  6  7  8  9 10 |
---------------+-------------------------------+-----
Short Blades   | 3 4 5 7 9 |  9.5
Dodging        | 2 3 4 5 6 7 8 |  8.4
Stealth        | 6 7 9 10 11 | 11.2
Fighting       | 3 4 6 7 |  7.9
Throwing       | |  2.1

Action                     |  1- 3 |  4- 6 |  7- 9 | 10-12 || total
---------------------------+-------+-------+-------+-------++-------
  Melee: Dagger            |    62 |   125 |   346 |    65 ||   598
         Punch             |       |     2 |     5 |     1 ||     8
    Use: Scroll            |       |     9 |     8 |       ||    17
   Stab: Sleeping          |    16 |    13 |    32 |     7 ||    68
         Distracted        |       |     1 |       |       ||     1
         Paralysed         |       |       |    11 |     8 ||    19
 Armour: Robe              |    11 |    18 |    20 |       ||    49
         Ring mail         |       |       |    26 |     8 ||    34
  Dodge: Dodged            |    35 |    97 |   162 |    34 ||   328

Table legend: (Time is in decaauts)
 A = Elapsed time spent in this place.
 B = Non-inter-level travel time spent in this place.
 C = Inter-level travel time spent in this place.
 D = Time resting spent in this place.
 E = Time spent auto-exploring this place.
 F = Levels seen in this place.
 G = Mean time per level.
                   A        B        C        D        E       F      G
               +--------+--------+--------+--------+--------+-----+--------+
         Total |   9470 |   8856 |    614 |   1255 |   6416 |  10 |  947.0 |
       Dungeon |   9057 |   8518 |    539 |   1255 |   6092 |   9 | 1006.3 |
        Temple |    412 |    337 |     75 |      0 |    323 |   1 |  412.0 |
               +--------+--------+--------+--------+--------+-----+--------+

Top non-repeatable levels by time:
     D:1: 1672 daAuts
     D:5: 1528 daAuts
     D:6: 1237 daAuts
     D:8: 1098 daAuts
     D:3: 985 daAuts
     D:4: 846 daAuts
     D:2: 828 daAuts
     D:7: 790 daAuts
  Temple: 412 daAuts
     D:9: 71 daAuts
